 Dungeon Crawl Stone Soup version bcrawl-1.27.8b (webtiles) character file.

Game seed: 6578228477281968755

231808 LostNumber the Sneak (level 7, -8/41 HPs)
             Began as a Vine Stalker Archaeologist on Nov 7, 2020.
             Was a Follower of Okawaru.
             Mangled by a yak (17 damage)
             ... on level 6 of the Dungeon.
             The game lasted 00:10:18 (3883 turns).

LostNumber the Sneak (Vine Stalker Archaeologist)   Turns: 3883, Time: 00:10:18

Health: -8/41      AC:  7    Str: 16    XL:     7   Next: 89%
Magic:  7/8        EV: 14    Int: 14    God:    Okawaru [*.....]
Gold:   163        SH:  0    Dex: 12    Spells: 6/6 levels left

rFire    . . .     SeeInvis .   n - +0 short sword (speed)
rCold    . . .     Gourm    .   (no shield)
rNeg     + . .     Faith    .   b - +1 robe
rPois    .         Spirit   .   c - +1 hat
rElec    .         Reflect  .   (no cloak)
rCorr    .         Harm     .   t - +0 pair of gloves
MR       +....                  d - +1 pair of boots
Stlth    +++.......             (no amulet)
HPRegen  0.53/turn              l - ring of protection from magic
MPRegen  0.11/turn              w - ring of positive energy

@: no status effects
A: fangs 3, regeneration 1, no potion heal 3, rot immunity, strong jaws
a: Heroism, Renounce Religion


You were on level 6 of the Dungeon.
You worshipped Okawaru.
Okawaru was aware of your devotion.
You were hungry.

You visited 1 branch of the dungeon, and saw 6 of its levels.

You collected 163 gold pieces.

Inventory:

Hand Weapons
 a - a +0 whip
 i - a +0 dagger
   (You took it off a kobold on level 1 of the Dungeon)
 n - a +0 short sword of speed (weapon)
   (You found it on level 1 of the Dungeon)
 s - a +1 dagger of protection
   (You took it off an orc on level 4 of the Dungeon)
 y - the +10 trident of Might {drain, Str+3, unknown}
   (You found it on level 6 of the Dungeon)

   A truly terrible weapon, it drains the life of those it strikes.
   It affects your strength (+3).
Armour
 b - a +1 robe (worn)
 c - a +1 hat (worn)
 d - a +1 pair of boots (worn)
 f - a +1 medium shield of protection
   (You acquired it on level 4 of the Dungeon)
 t - a +0 pair of gloves (worn)
   (You found it on level 3 of the Dungeon)
Jewellery
 l - a ring of protection from magic (left hand)
   (You found it on level 2 of the Dungeon)
 r - an uncursed ring of wizardry
   (You found it on level 4 of the Dungeon)
 w - a ring of positive energy (right hand)
   (You found it on level 5 of the Dungeon)
Wands
 x - a wand of acid (7)
   (You found it on level 2 of the Dungeon)
Scrolls
 g - a scroll of magic mapping
 h - a scroll of identify {@r1}
 k - a scroll of fear {unknown}
 m - a scroll of blinking {unknown}
 o - 2 scrolls of remove curse {@r2}
 p - a scroll of enchant armour {unknown}
 q - a scroll of enchant weapon {unknown}
 u - 3 scrolls of teleportation {@r4}
Potions
 j - 2 potions of curing {@q1}
 v - 2 potions of agility
Comestibles
 e - 4 rations {!d!d}


   Skills:
 + Level 3.3 Fighting
 + Level 3.0 Short Blades
 - Level 0.8 Maces & Flails
 + Level 4.7 Dodging
 + Level 6.9 Stealth
 * Level 3.6 Shields


You had 6 spell levels left.
You didn't know any spells.
Your spell library contained the following spells:

 Spells                   Type           Power        Failure   Level  Hunger
 Magic Dart               Conj           #...         28%         1    None
 Blink                    Tloc           N/A          41%         2    ####...
 Call Imp                 Summ           #.....       41%         2    ####...
 Conjure Flame            Conj/Fire      #.......     65%         3    #####..
 Mephitic Cloud           Conj/Pois/Air  #.......     65%         3    #####..
 Spider Form              Tmut/Pois      #..          65%         3    #####..


Dungeon Overview and Level Annotations

Branches:
Dungeon (6/12)             Temple (0/1) D:5

Altars:
Fedhas
Makhleb
Okawaru
Vehumet
Xom

Shops:
D:6 :

Annotations:
D:3 exclusion: ogre, Purgy, Terence


Innate Abilities, Weirdness & Mutations

You have razor-sharp teeth.
Your natural rate of healing is unusually fast.
Potions cannot restore your health.
You are immune to rotting.
Your bites deal extra damage.


Message History

You hit the hound. You bite the hound.
You kill the hound!
Okawaru accepts your kill.
You miss the crimson imp. You closely miss the crimson imp.
Your bite misses the crimson imp.
The crimson imp hits you but does no damage.
You hit the crimson imp.
You hit the crimson imp but do no damage.
The crimson imp closely misses you.
You hit the crimson imp. You miss the crimson imp.
Your bite misses the crimson imp. The crimson imp gestures at you.
The flame tongue misses you.
You hit the crimson imp but do no damage.
You puncture the crimson imp! You miss the crimson imp.
The crimson imp closely misses you.
You hit the crimson imp.
You hit the crimson imp but do no damage.
The crimson imp completely misses you.
You barely miss the crimson imp. You bite the crimson imp.
You barely miss the crimson imp. The crimson imp closely misses you.
You barely miss the crimson imp.
You hit the crimson imp but do no damage.
You feel like a meek peon again. The crimson imp hits you.
You closely miss the crimson imp. You miss the crimson imp.
Your bite misses the crimson imp.
The crimson imp laughs crazily.
The crimson imp barely misses you.
You hit the crimson imp.
You kill the crimson imp!
Okawaru accepts your kill.
Your Short Blades skill increases to level 3!
A shadow imp comes into view.
The yak gores you!
You see here a hound corpse.
You hit the yak. You bite the yak, but do no damage. The yak barely misses you.
You hit the yak. You hit the yak but do no damage. The yak gores you.
* * * LOW HITPOINT WARNING * * *
Aim: a yak (lightly wounded)
The bolt of acid hits the yak!
The yak is splashed with acid!
The bolt of acid hits the shadow imp!
The shadow imp is splashed with acid.
The acid corrodes the shadow imp!
You kill the shadow imp!
Okawaru accepts your kill. The yak gores you!
* * * LOW HITPOINT WARNING * * *
You hit the yak. The yak gores you!
You die...

... #......# ....
#......# .....#......#
)....#......#
............#
.....#...%..#
.(#####.##### . #Y#
##########.#@#
#...>....#.#.#
#....).....#.#
####..<#.###.#
#......#.....# #####
#.#.##.#..#..####...##
# # ..#..#.......≈.≈##
###.....####≈≈.≈≈#
....##### #≈≈∩≈≈#


You could see a yak.

Vanquished Creatures
  An ogre (D:4)
  A bullfrog (D:5)
  A big kobold (D:4)
  4 crimson imps
  A jelly (D:4)
  2 hounds
  2 orc priests (D:4)
  3 iguanas (D:4)
  3 worker ants (D:4)
  2 adders (D:4)
  4 shadow imps
  An ooze (D:3)
  An adder skeleton (D:5)
  3 worms
  A dart slug (D:2)
  4 leopard geckos
  7 orcs
  3 giant cockroaches
  5 goblins
  5 hobgoblins
  4 jackals (D:2)
  5 quokkas
  2 ball pythons
  2 bats (D:1)
  3 frilled lizards
  10 kobolds
  A quokka zombie (D:4)
  5 rats
86 creatures vanquished.

Notes
Turn   | Place    | Note
-------+----------+-------------------------------------------
     0 | D:1      | LostNumber the Vine Stalker Archaeologist began the quest
                  | for the Orb.
     0 | D:1      | Reached XP level 1. HP: 11/11 MP: 2/2
    11 | D:1      | Reached skill level 1 in Fighting
    69 | D:1      | Reached XP level 2. HP: 12/16 MP: 3/3
   241 | D:1      | Found a shimmering altar of Xom.
   243 | D:1      | Found an iron altar of Okawaru.
   243 | D:1      | Found an ornate altar of the Wu Jian Council.
   250 | D:1      | Found a shimmering altar of Xom.
   250 | D:1      | Found an ancient bone altar of Kikubaaqudgha.
   250 | D:1      | Found a blossoming altar of Fedhas.
   798 | D:2      | Reached XP level 3. HP: 20/20 MP: 4/4
   839 | D:2      | Reached skill level 5 in Stealth
  1134 | D:2      | Reached skill level 1 in Short Blades
  1394 | D:3      | Noticed an ogre
  1483 | D:3      | Reached XP level 4. HP: 26/26 MP: 5/5
  1491 | D:3      | Noticed Purgy
  1543 | D:3      | Found an iron altar of Okawaru.
  1556 | D:3      | Became a worshipper of Warmaster Okawaru
  1575 | D:3      | Noticed Terence
  1716 | D:4      | Reached XP level 5. HP: 19/30 MP: 6/6
  1716 | D:4      | Identified a scroll of acquirement
  1824 | D:4      | Reached skill level 1 in Shields
  1832 | D:4      | Noticed a big kobold
  1872 | D:4      | Found a blossoming altar of Fedhas.
  2036 | D:4      | Gained mutation: You have razor-sharp teeth. [Vine Stalker
                  | growth]
  2036 | D:4      | Reached XP level 6. HP: 21/36 MP: 7/7
  2126 | D:4      | Reached skill level 6 in Stealth
  2154 | D:4      | Reached * piety under Okawaru
  2435 | D:4      | Reached XP level 7. HP: 40/40 MP: 8/8
  2444 | D:4      | Found a burning altar of Makhleb.
  2445 | D:4      | Found a radiant altar of Vehumet.
  3258 | D:5      | Entered Level 5 of the Dungeon
  3414 | D:5      | Found a staircase to the Ecumenical Temple.
  3823 | D:6      | Got a steaming trident
  3824 | D:6      | Found Maqiaj's Book Shop.
  3847 | D:6      | Noticed a yak
  3883 | D:6      | Mangled by a yak

Skill      XL: |  1  2  3  4  5  6  7 |
---------------+----------------------+-----
Fighting       | 1 2 3 |  3.3
Stealth        | 5 6 |  6.9
Short Blades   | 1 2 3 |  3.0
Dodging        | 4 |  4.7
Shields        | 1 2 3 |  3.6
Maces & Flails | |  0.8

Action                   |  1- 3 |  4- 6 |  7- 9 || total
-------------------------+-------+-------+-------++-------
Melee: Whip              |     6 |       |       ||     6
       Dagger            |    42 |       |       ||    42
       Bite              |    13 |    23 |    18 ||    54
       Short sword       |   116 |   285 |   148 ||   549
Invok: Heroism           |       |       |     1 ||     1
Evoke: Wand              |       |     1 |     1 ||     2
  Use: Potion            |       |     3 |       ||     3
       Scroll            |       |     3 |     3 ||     6
 Stab: Sleeping          |     9 |     2 |     5 ||    16
  Eat: Chunk             |     5 |     5 |     4 ||    14
       Ration            |       |     1 |       ||     1
Armor: Robe              |    38 |    37 |    23 ||    98
Dodge: Dodged            |    85 |   133 |    56 ||   274
